Map: Redshift LE

Players

PtitDrogo

  • Race: Protoss Protoss
  • Spawn Location: 11:00

soO - Winner!

  • Race: Zerg Zerg
  • League: Master
  • Spawn Location: 7:00

Event: HomeStory Cup XVII

VOD

Have the link to the VOD?

Description

Time

  • Played on: June 29, 2018, 9:29 a.m.
  • Length: 11:00

All games in this series

Show
View Real Time Build Order
Export as new Build Order

PtitDrogo Protoss 

Build Orders: 1 Gate Expand, Oracle Opening, Phoenix Opening, Zealot Archon, Archon Drop 

Get SALT Encoding   

  12  0:00  Probe  
  13  0:12  Probe  
  14  0:20  Pylon  
  14  0:25  Probe  
  15  0:34  Probe  
  16  0:42  Probe  
  16  0:44  Gateway  
  16  0:48  Assimilator  
  17  0:52  Probe  
  18  1:04  Probe  
  19  1:17  Probe  
  20  1:23  Nexus  
  20  1:34  Cybernetics Core  
  20  1:36  Probe  
  21  1:43  Assimilator  
  21  1:48  Probe  
  22  1:54  Pylon  
  22  2:01  Probe  
  23  2:03  Adept  
  23  2:13  Probe  
  26  2:19  Stargate  
  26  2:25  Probe  
  26  2:27  Warp Gate  
  27  2:31  Adept, Probe  
  27  2:33  Probe  
  30  2:40  Probe  
  32  2:49  Probe  
  32  2:50  Probe  
  33  2:59  Phoenix  
  33  3:01  Probe  
  33  3:02  Probe  
  37  3:13  Probe  
  37  3:14  Probe  
  37  3:15  Pylon  
  39  3:22  Oracle  
  39  3:25  Assimilator, Probe  
  43  3:27  Assimilator  
  43  3:29  Probe  
  44  3:37  Robotics Facility  
  44  3:38  Probe  
  44  3:41  Probe  
  46  3:45  Gateway  
  46  3:50  Probe  
  46  3:55  Probe  
  48  3:58  Twilight Council  
  48  4:02  Probe  
  49  4:07  Probe  
  49  4:08  Pylon  
  50  4:18  Charge  
  50  4:20  Probe  
  50  4:23  Warp Prism  
  51  4:33  Gateway  
  51  4:34  Gateway  
  51  4:37  Gateway  
  53  4:38  Gateway  
  53  4:43  Templar Archives  
  53  4:44  Probe  
  54  4:48  Probe  
  54  4:50  Zealot  
  57  4:56  Pylon  
  57  5:03  Probe  
  57  5:06  Zealot  
  60  5:13  Nexus  
  60  5:16  Pylon  
  60  5:22  Zealot  
  62  5:30  Pylon  
  62  5:35  High Templar x4  
  66  5:36  Zealot  
  66  5:37  Pylon  
  66  5:40  Archon x2  
  72  5:44  Probe x2  
  72  5:45  Zealot  
  76  5:53  Pylon  
  76  5:55  Observer  
  77  6:06  Zealot x2  
  77  6:07  Zealot x3  
  77  6:08  Zealot  
  77  6:10  Probe  
  90  6:14  Probe  
  90  6:17  Psionic Storm  
  79  6:29  Probe  
  79  6:31  Zealot x6  
  79  6:32  Probe x2  
  84  6:41  Probe  
  81  6:53  Zealot x4  
  85  6:55  Zealot  
  70  7:04  Probe  
  70  7:05  High Templar  
  70  7:06  Probe  
  69  7:08  Probe  
  69  7:13  High Templar x2  
  69  7:14  High Templar x2  
  78  7:16  Probe, Zealot  
  78  7:19  Shield Battery  
  78  7:21  Probe  
  82  7:23  Immortal  
  82  7:24  Probe  
  82  7:28  Gateway  
  82  7:29  Gateway, Probe  
  84  7:36  Zealot  
  90  7:39  Gateway  
  90  7:40  Gateway  
  90  7:41  Probe  
  91  7:46  Probe x2  
  91  7:49  Assimilator x2  
  93  7:51  Pylon  
  93  7:54  High Templar x2  
  93  7:56  Pylon  
  97  7:58  Archon, Pylon  
  97  7:59  High Templar x2  
  97  8:00  Zealot  
  97  8:01  Observer  
  103  8:07  Archon  
  106  8:20  Immortal  
  106  8:21  Pylon  
  106  8:23  Pylon  
  106  8:33  Zealot x4  
  106  8:34  Zealot x3  
  124  8:44  Pylon  
  122  8:52  High Templar x2  
  122  8:54  High Templar x2, Zealot x2  
  122  8:55  Zealot x4  
  140  8:58  Archon x2  
  138  9:03  Pylon  
  138  9:17  High Templar  
  138  9:18  High Templar, Zealot x4  
  138  9:21  Archon  
  150  9:31  Zealot x4  
  156  9:32  Immortal  
  156  9:34  Pylon  
  156  9:36  Pylon  
  162  9:38  Pylon  
  162  9:39  High Templar  
  162  9:40  High Templar, Zealot x2  
  124  9:54  Archon  
  124  9:55  Zealot x4  
  124  9:56  Zealot x2  
  124  9:57  Archon  
  124  9:58  Archon  
  78  10:11  High Templar x2  
  78  10:13  High Templar x2  
  77  10:19  Zealot x5  
  77  10:20  Zealot  
  77  10:21  Immortal  
  93  10:32  Pylon  
  93  10:40  Nexus  
  96  10:46  Zealot x3  
  98  10:56  Zealot x2  
  98  10:57  Zealot x2  
Show
View Real Time Build Order
Export as new Build Order

soO Zerg - Winner!

Build Orders: Hatch First, Lurkers, Roach Hydra 

Get SALT Encoding   

  12  0:00  Drone  
  13  0:12  Overlord  
  13  0:17  Drone  
  14  0:30  Drone x2  
  14  0:34  Drone  
  17  0:51  Hatchery  
  17  0:53  Drone  
  18  0:57  Drone  
  18  1:09  Extractor  
  17  1:11  Spawning Pool  
  17  1:14  Drone  
  17  1:19  Drone  
  18  1:27  Drone  
  19  1:38  Drone  
  20  1:50  Overlord  
  20  1:58  Queen  
  22  2:03  Queen  
  22  2:04  Zergling x2  
  22  2:05  Drone  
  26  2:08  Metabolic Boost  
  26  2:10  Drone  
  26  2:13  Drone  
  28  2:22  Drone  
  29  2:26  Drone  
  30  2:36  Hatchery  
  29  2:39  Drone  
  29  2:40  Zergling x2  
  29  2:42  Zergling x2  
  31  2:52  Queen, Drone  
  34  2:59  Overlord  
  34  3:00  Drone  
  35  3:18  Overlord, Drone x5  
  40  3:23  Zergling x2  
  40  3:24  Drone x2  
  43  3:28  Overlord  
  43  3:31  Spore Crawler  
  42  3:36  Queen  
  42  3:37  Drone  
  42  3:39  Drone  
  46  3:44  Lair  
  46  3:45  Drone  
  46  3:48  Drone x2  
  49  3:52  Drone x3  
  52  3:56  Spore Crawler  
  52  3:58  Drone  
  52  4:01  Drone x2  
  54  4:06  Spore Crawler, Drone  
  54  4:07  Drone x2  
  56  4:11  Drone x2  
  56  4:14  Extractor x2  
  56  4:15  Drone  
  57  4:18  Overlord  
  57  4:22  Drone x2  
  57  4:23  Drone x2  
  61  4:24  Extractor  
  61  4:29  Drone  
  61  4:30  Drone  
  62  4:39  Drone x2  
  62  4:43  Overlord, Extractor  
  62  4:44  Hydralisk Den  
  62  4:46  Drone x2  
  62  4:50  Zergling x4  
  62  4:51  Drone  
  67  4:56  Overlord  
  67  4:57  Drone  
  68  5:00  Overlord  
  68  5:02  Drone x3  
  71  5:09  Overlord, Drone x2  
  71  5:14  Extractor  
  72  5:16  Overlord  
  72  5:20  Hydralisk x5  
  82  5:22  Grooved Spines  
  82  5:24  Hydralisk  
  84  5:30  Hydralisk x2  
  84  5:34  Drone x3  
  91  5:38  Overlord  
  91  5:39  Evolution Chamber  
  91  5:41  Roach Warren, Drone x2  
  91  5:42  Hydralisk  
  93  5:45  Overseer  
  93  5:47  Hydralisk  
  95  5:50  Hydralisk  
  95  5:51  Hydralisk  
  95  5:53  Drone x2  
  95  5:57  Hydralisk x2  
  101  5:59  Drone  
  106  6:07  Spine Crawler  
  106  6:08  Hydralisk x2  
  106  6:11  Hydralisk  
  109  6:16  Hydralisk x2, Zergling x4  
  109  6:17  Zergling x2  
  115  6:19  Zergling x2  
  115  6:23  Hydralisk x2  
  117  6:29  Hydralisk  
  117  6:30  Zergling x8  
  117  6:31  Zergling x2  
  116  6:52  Zerg Missile Weapons Level 1, Muscular Augments  
  110  6:54  Roach x6  
  110  6:59  Roach  
  112  7:03  Roach x2  
  112  7:07  Roach x3  
  121  7:09  Extractor  
  121  7:14  Overlord x2  
  121  7:15  Glial Reconstitution  
  120  7:16  Overlord  
  120  7:18  Overlord  
  120  7:24  Hatchery  
  120  7:28  Drone x2  
  120  7:29  Drone  
  122  7:37  Roach  
  122  7:42  Hydralisk x4  
  132  7:44  Overlord  
  132  7:47  Lurker Den  
  132  7:49  Roach x5  
  141  8:00  Roach x2  
  141  8:01  Roach  
  147  8:06  Roach  
  147  8:07  Roach x3  
  157  8:13  Roach x3  
  157  8:14  Overlord x4  
  157  8:18  Drone  
  162  8:23  Overlord  
  161  8:30  Overlord  
  161  8:39  Hydralisk x5  
  161  8:40  Roach x3  
  177  8:47  Hydralisk  
  177  8:48  Zergling x4  
  181  8:52  Drone  
  181  8:53  Drone x3  
  185  9:00  Spine Crawler  
  184  9:16  Lurker x6  
  189  9:29  Zergling x2  
  189  9:30  Zergling x16  
  198  9:51  Hydralisk x9  
  198  9:52  Roach x5  
  178  9:58  Hydralisk, Roach x2  
  178  9:59  Roach  
  150  10:07  Hydralisk x3  
  150  10:08  Roach  
  150  10:09  Roach  
  156  10:17  Hydralisk x3  
  156  10:18  Zergling x10  
  167  10:26  Lurker  
  168  10:31  Hydralisk x2  
  168  10:32  Roach, Zergling x2  
  168  10:33  Zergling x12  
Tags
 
Add a new tag
Caveats
  • Supply blocks, unpowered buildings, or Contaminate may cause inaccurate times.
  • Supply counts are checked every 10 seconds.